 Dungeon Crawl Stone Soup version 0.27.1-34-g3ba077fa99 (webtiles) character file.

Game seed: 18003062719512557201

3389 vivovinco the Slasher (level 9, 0/87 HPs)
             Began as a Troll Brigand on Jan 10, 2022.
             Was a Follower of Dithmenos.
             Slain by a wraith (14 damage)
             ... on level 8 of the Dungeon.
             The game lasted 00:42:34 (7143 turns).

vivovinco the Slasher (Troll Brigand)               Turns: 7143, Time: 00:42:36

Health: 0/87       AC:  6    Str: 21    XL:     9   Next: 74%
Magic:  8/8        EV: 11    Int:  8    God:    Dithmenos [*.....]
Gold:   300        SH:  5    Dex: 13    Spells: 8/8 levels left

rFire    . . .     SeeInvis .   b - +4 falchion (chaos)
rCold    + . .     Faith    .   (no shield)
rNeg     . . .     Spirit   .   o - +0 robe
rPois    .         Reflect  +   (helmet restricted)
rElec    .         Harm     .   c - +1 cloak
rCorr    .         Rampage  .   (gloves unavailable)
Will     .....                  (boots unavailable)
Stlth    +++.......             g - amulet of reflection
HPRegen  1.24/turn              A - ring of protection from cold
MPRegen  0.11/turn              (no ring)

@: about to teleport, slowed, wreathed by umbra, very slow
A: large, unfitting armour, claws 3, regeneration 1, shaggy fur 1, tough skin 1
a: Renounce Religion


You were on level 8 of the Dungeon.
You worshipped Dithmenos.
Dithmenos was aware of your devotion.
You visited 2 branches of the dungeon, and saw 9 of its levels.
You also visited: Sewer.

You collected 322 gold pieces.
You spent 22 gold pieces at shops.

Inventory:

Hand Weapons
 a - a +2 dagger
 b - a +4 falchion of chaos (weapon)
Missiles
 d - 30 poisoned darts
 e - 2 curare-tipped darts
 n - 202 stones
 p - 4 boomerangs (quivered)
 r - 6 javelins
Armour
 c - a +1 cloak (worn)
 o - a +0 robe (worn)
Jewellery
 g - an amulet of reflection (around neck)
 A - a ring of protection from cold (left claw)
Wands
 t - a wand of polymorph (3)
 u - a wand of mindburst (3)
Scrolls
 f - 2 scrolls of identify
 h - a scroll of fear
 l - 3 scrolls of teleportation
 y - a scroll of enchant weapon
 B - a scroll of acquirement {unknown}
Potions
 i - a potion of magic
 j - a potion of brilliance
 k - 2 potions of curing
 m - 2 potions of heal wounds
 q - 3 potions of flight
 s - a potion of ambrosia
 v - a potion of haste {unknown}
 w - a potion of mutation {unknown}
 x - 2 potions of might {unknown}
 z - a potion of berserk rage {unknown}


   Skills:
 + Level 4.8 Fighting
 - Level 2.1(4.8) Short Blades
 + Level 6.8(7.0) Long Blades
 + Level 5.2 Throwing
 + Level 4.1 Dodging
 - Level 3.5 Stealth
 + Level 2.6 Shields
 - Level 0.7 Evocations


You had 8 spell levels left.
You didn't know any spells.
Your spell library contained the following spells:

 Spells                   Type           Power      Damage    Failure   Level
 Freeze                   Ice            0%         1d3       41%         1
 Frozen Ramparts          Ice            0%         1d2       78%         3
 Hailstorm                Conj/Ice       0%         3d3       99%         4
 Ice Form                 Ice/Tmut       0%         N/A       99%         4
 Summon Ice Beast         Ice/Summ       0%         N/A       99%         4


Dungeon Overview and Level Annotations

Branches:
Dungeon (8/15)             Temple (1/1) D:5           Sewer (visited)
   Lair: D:8-11

Altars:
Ashenzari
Cheibriados
Dithmenos
Elyvilon
Fedhas
Gozag
Hepliaklqana
Kikubaaqudgha
Makhleb
Nemelex Xobeh
Okawaru
Qazlal
Ru
Sif Muna
Trog
Uskayaw
Vehumet
Wu Jian
Xom
Yredelemnul
Zin
The Shining One

Shops:
D:1 *(?::   D:4 !   D:5 !   D:6 *

Annotations:
D:8 Maggie


Innate Abilities, Weirdness & Mutations

You are too large for most types of armour.
You have claws for hands.
Your natural rate of healing is unusually fast.
You are covered in fur. (AC +1)
You have tough skin. (AC +1)


Message History

You climb downwards.
Level annotation: Maggie
There is a stone staircase leading up here.
A wraith comes into view.
B - a scroll labelled FOEKOCS AGUSENT
Found 12 gold pieces.
You hit the wraith but do no damage. The wraith hits you but does no damage.
You hit the wraith but do no damage.
The wraith seems to grow stronger.
You block the wraith's attack.
You hit the wraith.
The wraith is lightly damaged.
The wraith hits you!
You closely miss the wraith.
The wraith is lightly damaged.
The wraith hits you! The wraith drains your vigour!
You feel yourself slow down.
You hit the wraith.
The wraith resists with almost no effort.
The wraith is lightly damaged.
The wraith hits you!
You hit the wraith but do no damage.
The wraith flickers and vanishes!
Deactivating autopickup; reactivate with Ctrl-A.
Something hits you! x2; Something drains your vigour!
You feel as though you will be slow longer.
Something hits you!
* * * LOW HITPOINT WARNING * * *
Something drains your vigour!
You feel as though you will be slow longer.
Something hits you!
* * * LOW HITPOINT WARNING * * *
Okay, then.
You feel much better. Something hits you! Something drains your vigour!
You feel as though you will be slow longer.
As you read the scroll of teleportation, it crumbles to dust.
You feel strangely unstable. Something hits you!!
* * * LOW HITPOINT WARNING * * *
Something drains your vigour!
You feel as though you will be slow longer.
Something hits you!
You die...

####...............
.?.<.............#
.................#
.................#
........##...#..#####.#
........?.............#
....(...##...##..######
........##..# #..#
........##.# #.@# #.
#.<# ........#
≈..##.#... #.#.... .
...... ≈...[..... ≈≈
.....(..# ≈≈4.#$
≈#.......#


There were no monsters in sight!

Vanquished Creatures
  3 yaks (D:5)
  A steam dragon (D:7)
  Menkaure (D:5)
  2 water moccasins (D:6)
  A sky beast (D:6)
  An orc warrior (D:6)
  An ice beast (D:7)
  A necrophage (D:6)
  An ogre (D:7)
  2 centaurs (D:7)
  2 kobold brigands
  3 scorpions
  A wyvern zombie (D:6)
  A wyvern skeleton (D:6)
  3 water moccasin zombies
  A water moccasin skeleton (D:4)
  3 wights (D:6)
  A human zombie (D:6)
  3 bullfrog zombies
  A centaur zombie (D:6)
  5 jellies
  5 orc priests
  2 hounds
  A bullfrog skeleton (D:4)
  3 iguanas
  6 orc wizards
  A killer bee zombie (D:7)
  2 hound skeletons
  A mummy (D:6)
  10 adders
  A river rat (Sewer)
  2 shadow imps
  A white imp (D:6)
  An ufetubus (D:6)
  3 worms
  2 dart slugs
  35 orcs
  3 bats
  9 endoplasms
  8 giant cockroaches
  7 goblins
  3 hobgoblins
  4 jackals
  13 kobolds
  A quokka (D:3)
  7 ball pythons
  2 frilled lizards (D:2)
  7 rats
  A butterfly (D:5)
179 creatures vanquished.

Notes
Turn   | Place    | Note
-------+----------+-------------------------------------------
     0 | D:1      | vivovinco the Troll Brigand began the quest for the Orb.
     0 | D:1      | Reached XP level 1. HP: 19/19 MP: 0/0
    23 | D:1      | Found Ruacseku's Weapon Emporium.
    60 | D:1      | Found Eclyhyaf's Magic Scroll Emporium.
   108 | D:1      | Bought a scroll of identify for 22 gold pieces
   137 | D:1      | Found Voacrer's Book Shop.
   177 | D:1      | Reached XP level 2. HP: 28/28 MP: 1/1
   243 | D:1      | Found Guxela's Book Shoppe.
   267 | D:1      | Found Kacsiel's General Store.
   297 | D:1      | Found a faded altar of an unknown god.
   777 | D:2      | Reached XP level 3. HP: 22/35 MP: 2/2
  1112 | D:2      | Reached skill level 1 in Dodging
  1126 | D:2      | Reached XP level 4. HP: 42/42 MP: 3/3
  1555 | D:2      | Reached XP level 5. HP: 49/49 MP: 4/4
  1751 | D:3      | Reached skill level 1 in Long Blades
  2473 | D:5      | Entered Level 5 of the Dungeon
  2671 | D:4      | Reached skill level 2 in Long Blades
  2671 | D:4      | Reached XP level 6. HP: 58/59 MP: 5/5
  2705 | D:4      | Found Cuoseany's Distillery.
  2835 | D:5      | Found Anegit's Distillery.
  3146 | D:5      | Noticed a yak
  3158 | D:5      | Noticed a yak
  3159 | D:5      | Noticed a yak
  3160 | D:5      | Killed a yak
  3161 | D:5      | Reached skill level 3 in Long Blades
  3161 | D:5      | Reached skill level 1 in Shields
  3161 | D:5      | Reached XP level 7. HP: 34/66 MP: 6/6
  3162 | D:5      | Killed a yak
  3167 | D:5      | Noticed Menkaure
  3172 | D:5      | Killed a yak
  3385 | D:6      | Found a glowing drain.
  3397 | Sewer    | Entered a sewer
  3554 | Sewer    | Reached skill level 4 in Long Blades
  3589 | Sewer    | Found a white marble altar of Elyvilon.
  3665 | D:6      | Reached XP level 8. HP: 32/75 MP: 7/7
  4043 | D:5      | Killed Menkaure
  4130 | D:5      | Found a staircase to the Ecumenical Temple.
  4151 | Temple   | Entered the Ecumenical Temple
  4422 | Temple   | Became a worshipper of Dithmenos the Shadowed
  4995 | D:6      | Reached skill level 5 in Long Blades
  5034 | D:6      | Found Xidghiz's Assorted Antiques.
  5242 | D:6      | Reached * piety under Dithmenos
  5370 | D:6      | Reached XP level 9. HP: 78/84 MP: 8/8
  5691 | D:6      | Found an ancient bone altar of Kikubaaqudgha.
  5812 | D:6      | Reached skill level 6 in Long Blades
  6222 | D:8      | Noticed an ice devil
  6222 | D:8      | Noticed an ice devil
  6222 | D:8      | Noticed an ice devil
  6222 | D:8      | Noticed Maggie
  6482 | D:7      | Reached skill level 5 in Throwing
  7143 | D:8      | Slain by a wraith

Illustrated notes

Levels and vault maps discovered:
D:1:      minmay_arrival_jagged, layout_basic, serial_shops, shop,
          nicolae_shop_stone, shop, shop_fountains, nicolae_shop_statue_plus,
          ebering_ecumenical_altar_webs, minmay_strange_pillars, minivault_27
D:2:      minmay_razor_zed, layout_basic
D:3:      layout_loops_ring
D:4:      layout_loops_ring, serial_shops, shop
D:5:      layout_rooms, minmay_temple_entry_butterflies, serial_shops,
          shop_statue, supply_closet_lemuel, lemuel_flamethrower_1,
          uniq_menkaure
D:6:      layout_basic, lemuel_mausoleum_altar_kikubaaqudgha, serial_shops,
          shop, portal_sewer_entry_d, st_stairs_10, amethyst_killhole
D:7:      minmay_skewed_foursquare, layout_basic
D:8:      cheibrodos_frozen_isle, layout_rooms, chequers_serial_rivers_large_a,
          uniq_joseph, uniq_maggie
Temple:   kilobyte_greek_temple

Skill      XL: |  1  2  3  4  5  6  7  8  9 |
---------------+----------------------------+-----
Fighting       | 2 3 4 |  4.8
Short Blades   | 2 |  2.1
Dodging        | 1 2 3 4 |  4.1
Long Blades    | 2 3 4 5 6 |  6.8
Stealth        | 3 |  3.5
Throwing       | 2 3 4 5 |  5.2
Shields        | 1 2 |  2.6
Evocations     | |  0.7

Action                   |  1- 3 |  4- 6 |  7- 9 || total
-------------------------+-------+-------+-------++-------
Melee: Dagger            |    98 |       |    15 ||   113
       Falchion          |    15 |    93 |   333 ||   441
Throw: Boomerang         |       |    13 |    61 ||    74
       Dart              |       |    10 |     3 ||    13
       Javelin           |       |       |    12 ||    12
Evoke: Wand              |       |       |     4 ||     4
  Use: Scroll            |       |    15 |     6 ||    21
       Potion            |       |       |     3 ||     3
 Stab: Sleeping          |     3 |     7 |     9 ||    19
       Distracted        |       |       |     1 ||     1
       Paralysed         |       |       |     2 ||     2
       Petrified         |       |       |     1 ||     1
Armor: Robe              |    35 |    22 |    77 ||   134
Dodge: Dodged            |    55 |    30 |   114 ||   199
Block: Other             |    14 |    14 |    58 ||    86
       Reflection        |       |     2 |     3 ||     5
       Rpst.: Falchion   |     5 |     9 |    34 ||    48
